 Dungeon Crawl Stone Soup version 0.20.1-1-g8b1a95d (webtiles) character file.

12003 homeworkjunkie the Cleaver (level 11, -10/99 HPs)
             Began as a Hill Orc Fighter on Dec 23, 2017.
             Was a High Priest of Okawaru.
             Mangled by a tengu warrior
             ... wielding a +2 long sword of electrocution
              (19 damage)
             ... on level 11 of the Dungeon.
             The game lasted 00:23:47 (11137 turns).

homeworkjunkie the Cleaver (Hill Orc Fighter)      Turns: 11137, Time: 00:23:47

Health: -10/99     AC: 22    Str: 22    XL:     11   Next: 86%
Magic:  15/15      EV:  6    Int:  8    God:    Okawaru [*****.]
Gold:   693        SH: 12    Dex: 13    Spells: 10/10 levels left

rFire    + + +     SeeInvis .   a - +4 war axe
rCold    + . .     Gourm    +   c - +0 shield
rNeg     . . .     Faith    .   y - +0 plate armour of Perpetual Drought {rPois rF++}
rPois    +         Spirit   .   N - +2 hat of Retamn {Dex+2}
rElec    .         Reflect  .   w - +0 cloak
rCorr    .         Harm     .   j - +2 pair of gloves
MR       .....                  u - +1 pair of boots
Stlth    ..........             D - amulet of the gourmand
Regen    0.3/turn               e - ring of protection from fire
MPRegen  0.2/turn               A - ring of protection from cold

@: about to teleport
A: no striking features
a: Heroism, Finesse, Renounce Religion


You were on level 11 of the Dungeon.
You worshipped Okawaru.
Okawaru was extremely pleased with you.
You were not hungry.

You visited 2 branches of the dungeon, and saw 13 of its levels.
You also visited: Labyrinth and Sewer.

You collected 693 gold pieces.

Inventory:

Hand Weapons
 a - a +4 war axe (weapon)
Armour
 c - a +0 shield (worn)
 j - a +2 pair of gloves (worn)
 u - a +1 pair of boots (worn)
 w - a +0 cloak (worn)
 y - the +0 plate armour of Perpetual Drought (worn) {rPois rF++}
   (You found it on level 8 of the Dungeon)

   It greatly protects you from fire.
   It protects you from poison.
 N - the +2 hat of Retamn (worn) {Dex+2}
   (Okawaru gifted it to you on level 10 of the Dungeon)

   It affects your dexterity (+2).
Jewellery
 b - an uncursed ring of protection from fire
 e - a ring of protection from fire (left hand)
 m - an uncursed ring of flight
 x - a cursed amulet of inaccuracy {unknown}
 A - a ring of protection from cold (right hand)
 B - an uncursed ring of poison resistance
 D - an amulet of the gourmand (around neck)
 J - an uncursed ring of resist corrosion
Wands
 h - a wand of lightning (3/15)
 t - a wand of confusion (21/48)
 z - a wand of iceblast (6/15)
 F - a wand of enslavement (16/24)
 G - a wand of iceblast (12/15)
 H - a wand of paralysis (17/24)
 I - a wand of disintegration (5/24)
 K - a wand of iceblast (7/15)
 L - a wand of paralysis (9/24)
Scrolls
 g - a scroll of teleportation
 l - 3 scrolls of magic mapping
 p - 5 scrolls of remove curse
 q - 3 scrolls of immolation
 r - 2 scrolls of blinking
 C - a scroll of fear
 M - a scroll of identify
Potions
 d - a potion of resistance
 k - 4 potions of flight
 o - a potion of curing
 s - a potion of ambrosia
 v - a potion of berserk rage
Comestibles
 f - 3 bread rations
 i - 6 meat rations
 E - 4 royal jellies


   Skills:
 * Level 9.6 Fighting
 * Level 14.7 Axes
 * Level 8.0 Armour
 + Level 1.4 Dodging
 + Level 1.3 Stealth
 * Level 9.3 Shields
 * Level 6.2 Evocations


You had 10 spell levels left.
You didn't know any spells.

Dungeon Overview and Level Annotations

Branches:
Dungeon (12/15)            Temple (1/1) D:7            Lair (0/6) D:11
    Orc (0/2) D:11

Altars:
Ashenzari
Cheibriados
Elyvilon
Fedhas
Gozag
Kikubaaqudgha
Nemelex Xobeh
Okawaru
Ru
Sif Muna
Trog
Uskayaw
Vehumet
Xom
Yredelemnul
Zin
The Shining One
Beogh
Jiyva

Annotations:
D:11 exclusion: oklob plant


Message History

You slice the tengu warrior!! The tengu warrior barely misses you.
The tengu warrior pecks you but does no damage.
The tengu warrior claws you but does no damage.
The gargoyle hurls a stone arrow at you.
The stone arrow hits you!
* * * LOW HITPOINT WARNING * * *
You feel better. You block the gargoyle's attack.
The tengu warrior hits you with a long sword of electrocution.
* * * LOW HITPOINT WARNING * * *
You are electrocuted!
* * * LOW HITPOINT WARNING * * *
The tengu warrior barely misses you.
The tengu warrior claws you but does no damage.
As you read the scroll of teleportation, it crumbles to dust.
You feel strangely unstable.
The gargoyle hurls a stone arrow at you.
You block the stone arrow.
The tengu warrior hits you but does no damage.
You are electrocuted!
You die...

##############################***
....#...................#....#,,,
....#...................#....#,,,
....#.....).............'>...#,,,
....#..........<..))....#....#,..
....#.............)>....#....#...
[...#...................#....#...
#...##.####+##.9@.####..####.##.#
#...##<####.##.Q..#**#..#**#.##.#
............#.......#.....,#....#
............#.......+......#....#
............#.......#,,,,,.#....+
............#.......#,,,,,,#....#
............#.......#,,,,,.#.....
#########...##.##...#**+#........
*,,,,,***...##.**...#**,....###..


You could see a tengu warrior and a gargoyle.

Vanquished Creatures
  A minotaur (Lab)
  The ghost of Tiamon the Cleaver, a novice MiFi of Nemelex Xobeh (D:7)
  2 two-headed ogres (D:8)
  The ghost of Ymberto the Thaumaturge, a journeyman DEFE of Sif Muna (D:10)
  Psyche (D:10)
  2 minotaur zombies (Lab)
  A queen bee (D:9)
  4 hippogriffs
  5 yaks (D:10)
  A hungry ghost (D:7)
  Purgy (Sewer)
  6 orc warriors
  8 ogres
  2 sky beasts
  A necrophage (D:6)
  A phantom (D:8)
  7 centaurs
  2 big kobolds
  6 bullfrogs
  A wyvern zombie (D:9)
  2 scorpions
  18 killer bees
  4 wights (D:8)
  A crimson imp (D:3)
  3 centaur zombies
  A quasit (D:7)
  5 hounds
  A bullfrog zombie (D:5)
  A jelly (D:10)
  A gnoll shaman (D:4)
  10 orc priests
  Crazy Yiuf (D:4)
  2 centaur skeletons
  11 orc wizards
  4 bullfrog skeletons
  5 iguanas
  14 worker ants
  A hound zombie (D:5)
  A hound skeleton (D:10)
  2 worker ant zombies
  8 gnolls
  3 river rats (D:6)
  10 adders
  3 shadow imps
  An adder zombie (D:8)
  3 adder skeletons
  2 worms
  3 dart slugs
  5 leopard geckos
  65 orcs
  3 ball pythons (D:1)
  8 bats
  6 giant cockroaches
  11 hobgoblins
  22 jackals
  6 quokkas
  4 frilled lizards
  8 goblins
  A jackal skeleton (D:5)
  16 kobolds
  A quokka skeleton (D:6)
  13 rats
344 creatures vanquished.

Notes
Turn   | Place    | Note
-------+----------+-------------------------------------------
     0 | D:1      | homeworkjunkie the Hill Orc Fighter began the quest for the Orb.
     0 | D:1      | Reached XP level 1. HP: 19/19 MP: 1/1
   111 | D:1      | Reached XP level 2. HP: 23/27 MP: 2/2
   396 | D:1      | Reached skill level 3 in Axes
   418 | D:2      | Reached XP level 3. HP: 14/33 MP: 3/3
  1038 | D:2      | Found a hide-covered altar of Uskayaw.
  1038 | D:2      | Found a shattered altar of Ashenzari.
  1050 | D:2      | Found a snail-covered altar of Cheibriados.
  1050 | D:2      | Found an opulent altar of Gozag.
  1072 | D:2      | Reached XP level 4. HP: 39/40 MP: 4/4
  1223 | D:3      | Reached skill level 4 in Axes
  1223 | D:3      | Reached XP level 5. HP: 23/47 MP: 5/5
  1223 | D:3      | Reached skill level 1 in Evocations
  1442 | D:4      | Reached XP level 6. HP: 55/55 MP: 6/6
  1450 | D:4      | Reached skill level 5 in Fighting
  1450 | D:4      | Reached skill level 5 in Axes
  1479 | D:5      | Entered Level 5 of the Dungeon
  1493 | D:4      | Reached skill level 6 in Axes
  1541 | D:4      | Reached XP level 7. HP: 56/61 MP: 8/8
  2717 | D:5      | Reached skill level 7 in Axes
  2717 | D:5      | Reached skill level 5 in Shields
  2736 | D:5      | Reached skill level 1 in Dodging
  2787 | D:5      | Reached XP level 8. HP: 21/69 MP: 9/9
  3397 | D:6      | Found a white marble altar of Elyvilon.
  3554 | D:6      | Found a shimmering altar of Xom.
  3556 | D:6      | Found a shimmering altar of Xom.
  3565 | D:6      | Found a shimmering altar of Xom.
  3567 | D:6      | Found a shimmering altar of Xom.
  3672 | D:6      | Found a sparkling altar of Nemelex Xobeh.
  3715 | D:6      | Reached skill level 8 in Axes
  3986 | D:6      | Found a glowing drain.
  4000 | Sewer    | Entered a sewer
  4050 | Sewer    | Noticed Purgy
  4060 | Sewer    | Killed Purgy
  4221 | D:5      | Reached skill level 5 in Armour
  4600 | D:4      | Reached skill level 9 in Axes
  4779 | D:4      | Found a runed door.
  4872 | D:4      | Reached XP level 9. HP: 61/77 MP: 11/11
  4968 | D:4      | Noticed Crazy Yiuf
  4973 | D:4      | Paralysed by Crazy Yiuf for 6 turns
  4980 | D:4      | Killed Crazy Yiuf
  5550 | D:7      | Reached skill level 10 in Axes
  5677 | D:7      | Found a staircase to the Ecumenical Temple.
  5686 | Temple   | Entered the Ecumenical Temple
  5758 | Temple   | Became a worshipper of Warmaster Okawaru
  5859 | D:7      | Noticed Tiamon's ghost (novice MiFi)
  5896 | D:7      | Killed Tiamon's ghost
  5896 | D:7      | Reached * piety under Okawaru
  5896 | D:7      | Reached skill level 11 in Axes
  6301 | D:7      | Found a glowing golden altar of the Shining One.
  6635 | D:8      | Reached ** piety under Okawaru
  6640 | D:8      | Reached XP level 10. HP: 68/86 MP: 13/13
  6674 | D:8      | Got a warped plate armour
  6685 | D:8      | Identified the cursed +0 plate armour of Perpetual Drought {rPois rF++} (You found it on level 8 of the Dungeon)
  6891 | D:8      | Reached skill level 12 in Axes
  7043 | D:9      | Reached *** piety under Okawaru
  7046 | D:9      | Found a blossoming altar of Fedhas.
  7053 | D:9      | Found a sacrificial altar of Ru.
  7077 | D:10     | Entered Level 10 of the Dungeon
  7123 | D:8      | Noticed a two-headed ogre
  7146 | D:8      | Killed a two-headed ogre
  7146 | D:8      | Reached skill level 1 in Stealth
  7146 | D:8      | Reached skill level 5 in Evocations
  7390 | D:8      | Found a roughly hewn altar of Beogh.
  7413 | D:8      | Reached **** piety under Okawaru
  7413 | D:8      | Received a gift from Okawaru
  7642 | D:8      | Reached skill level 13 in Axes
  7724 | D:8      | Noticed a two-headed ogre
  7735 | D:8      | Killed a two-headed ogre
  7735 | D:8      | Reached XP level 11. HP: 70/95 MP: 14/14
  8518 | D:9      | Reached ***** piety under Okawaru
  8718 | D:9      | Found a glowing silver altar of Zin.
  8829 | D:10     | Reached skill level 14 in Axes
  9238 | D:11     | Found a labyrinth entrance.
  9247 | Lab      | Entered a labyrinth
  9488 | Lab      | Noticed a minotaur
  9501 | Lab      | Killed a minotaur
  9529 | Lab      | Received a gift from Okawaru
 10007 | D:11     | Noticed a six-headed hydra
 10472 | D:11     | Found a staircase to the Orcish Mines.
 10472 | D:11     | Noticed an oklob plant
 10555 | D:10     | Noticed Psyche
 10561 | D:10     | Killed Psyche
 10786 | D:10     | Noticed Ymberto's ghost (journeyman DEFE)
 10802 | D:10     | Killed Ymberto's ghost
 10802 | D:10     | Received a gift from Okawaru
 10805 | D:10     | Got a brightly glowing hat {god gift}
 11032 | D:10     | Identified the +2 hat of Retamn {Dex+2} (Okawaru gifted it to you on level 10 of the Dungeon)
 11106 | D:12     | Noticed a skeletal warrior
 11106 | D:12     | Noticed a skeletal warrior
 11106 | D:12     | Noticed a skeletal warrior
 11109 | D:12     | Noticed a four-headed hydra
 11124 | D:12     | Noticed a tengu warrior
 11137 | D:11     | Mangled by a tengu warrior

Skill      XL: |  1  2  3  4  5  6  7  8  9 10 11 |
---------------+----------------------------------+-----
Fighting       | 4 5 6 7 8 9 |  9.6
Axes           | 3 4 6 7 9 11 13 14 | 14.7
Shields        | 4 5 6 7 8 9 |  9.3
Armour         | 4 5 6 7 8 |  8.0
Evocations     | 1 2 3 4 5 6 |  6.2
Dodging        | 1 |  1.4
Stealth        | 1 |  1.3

Action                   |  1- 3 |  4- 6 |  7- 9 | 10-12 || total
-------------------------+-------+-------+-------+-------++-------
Melee: War axe           |   151 |   107 |   478 |   418 ||  1154
Invok: Heroism           |       |       |       |     1 ||     1
Evoke: Wand              |       |       |    10 |    14 ||    24
  Use: Potion            |     4 |     2 |     2 |     8 ||    16
       Scroll            |     3 |     1 |    15 |    14 ||    33
 Stab: Confused          |       |       |     4 |     3 ||     7
  Eat: Fruit             |     5 |       |     3 |       ||     8
       Meat ration       |       |       |     1 |       ||     1
       Royal jelly       |       |       |     2 |     3 ||     5
       Bread ration      |       |       |     1 |     2 ||     3
Armor: Scale mail        |   108 |     2 |       |       ||   110
       Plate armour      |       |    65 |   297 |   308 ||   670
Dodge: Dodged            |    56 |    23 |    74 |    86 ||   239
Block: Shield            |   103 |    66 |   270 |   294 ||   733
